Map: Jagannatha LE

Players

oliM - Winner!

  • Race: Protoss Protoss
  • League: Grandmaster

IIIIIIIIIIII

  • Race: Zerg Zerg
  • League: Grandmaster

VOD

Have the link to the VOD?

Description

Time

  • Played on: April 14, 2021, 5:16 a.m.
  • Length: 12:46
Show
View Real Time Build Order
Export as new Build Order

oliM Protoss - Winner!

Build Orders: 1 Gate Expand, Oracle Opening 

Get SALT Encoding   

  12  0:00  Probe  
  13  0:12  Probe  
  14  0:20  Pylon  
  14  0:24  Probe  
  15  0:38  Probe (Chrono Boost), Gateway  
  16  0:48  Probe (Chrono Boost), Assimilator  
  17  0:53  Probe (Chrono Boost)  
  18  1:04  Probe  
  19  1:16  Probe  
  20  1:25  Nexus  
  20  1:34  Cybernetics Core  
  20  1:37  Probe  
  21  1:44  Assimilator  
  21  1:49  Probe  
  21  1:53  Pylon  
  22  2:01  Probe (Chrono Boost)  
  23  2:08  Adept (Chrono Boost)  
  23  2:13  Probe (Chrono Boost)  
  26  2:21  Stargate  
  26  2:22  Probe (Chrono Boost)  
  27  2:27  Probe  
  28  2:31  Stalker (Chrono Boost)  
  30  2:38  Probe  
  30  2:39  Warp Gate  
  30  2:42  Probe  
  32  2:50  Probe  
  33  2:55  Probe  
  33  2:57  Void Ray (Chrono Boost)  
  34  3:02  Probe  
  35  3:07  Probe  
  40  3:14  Probe  
  40  3:19  Probe  
  42  3:26  Probe, Gateway  
  43  3:27  Pylon  
  43  3:31  Probe  
  44  3:38  Probe  
  45  3:42  Oracle (Chrono Boost)  
  45  3:43  Probe  
  49  3:50  Probe  
  49  3:55  Probe  
  51  3:56  Pylon  
  51  4:02  Probe  
  52  4:05  Pylon  
  52  4:07  Probe, Assimilator  
  52  4:08  Void Ray (Chrono Boost)  
  53  4:14  Probe  
  58  4:19  Probe  
  58  4:23  Pylon  
  59  4:25  Pylon  
  59  4:26  Probe (Chrono Boost)  
  59  4:27  Pylon  
  59  4:28  Pylon  
  60  4:34  Nexus  
  60  4:35  Pylon, Probe (Chrono Boost)  
  62  4:39  Probe (Chrono Boost)  
  62  4:40  Assimilator  
  62  4:41  Robotics Facility  
  63  4:46  Probe (Chrono Boost)  
  63  4:47  Void Ray (Chrono Boost), Probe (Chrono Boost)  
  64  4:53  Probe  
  64  4:55  Probe  
  70  5:01  Forge  
  70  5:05  Probe  
  70  5:06  Adept x2  
  75  5:09  Probe  
  76  5:14  Twilight Council  
  76  5:17  Probe, Shield Battery  
  76  5:21  Probe  
  78  5:35  Probe  
  78  5:40  Void Ray  
  78  5:43  Robotics Bay  
  78  5:44  Gateway  
  78  5:46  Probe (Chrono Boost), Observer  
  78  5:47  Probe (Chrono Boost), Gateway  
  78  5:49  Protoss Ground Weapons Level 1 (Chrono Boost)  
  86  5:50  Probe (Chrono Boost)  
  86  5:54  Charge (Chrono Boost)  
  87  5:58  Probe (Chrono Boost)  
  87  5:59  Probe (Chrono Boost)  
  87  6:03  Probe (Chrono Boost)  
  87  6:04  Probe x2 (Chrono Boost)  
  89  6:10  Assimilator  
  89  6:11  Probe  
  92  6:12  Probe, Assimilator  
  92  6:15  Pylon  
  92  6:17  Pylon  
  93  6:28  Templar Archives  
  93  6:30  Gateway  
  93  6:33  Probe x3, Observer, Gateway  
  93  6:36  Gateway  
  93  6:37  Pylon  
  97  6:43  Photon Cannon, Psionic Storm  
  97  6:46  Gateway  
  97  6:51  Immortal (Chrono Boost)  
  97  6:59  Probe  
  102  7:02  Pylon  
  102  7:03  Probe  
  102  7:04  Nexus  
  102  7:06  Pylon  
  102  7:08  High Templar x2  
  107  7:17  Shield Battery  
  107  7:22  High Templar  
  109  7:23  Immortal  
  109  7:25  Photon Cannon  
  109  7:27  Photon Cannon  
  109  7:28  High Templar, Photon Cannon  
  115  7:30  Shield Battery  
  115  7:37  Photon Cannon x2  
  115  7:40  High Templar  
  115  7:41  Zealot x3  
  115  7:43  Probe  
  124  7:52  Protoss Ground Weapons Level 2 (Chrono Boost)  
  124  7:55  Photon Cannon  
  124  7:58  High Templar x2, Photon Cannon  
  124  7:59  Pylon  
  128  8:07  Probe  
  128  8:09  Archon  
  129  8:14  Pylon, Probe  
  129  8:16  Pylon  
  129  8:17  High Templar  
  129  8:18  Pylon x2, Zealot x2  
  129  8:19  Zealot  
  138  8:33  Fleet Beacon  
  138  8:34  Zealot x3  
  140  8:35  Pylon  
  144  8:43  Probe  
  144  8:46  Assimilator  
  145  8:50  Zealot x2  
  145  8:51  Zealot x3, Assimilator  
  145  8:55  Stargate  
  154  9:17  Zealot x4  
  160  9:26  Carrier (Chrono Boost), Mothership  
  160  9:29  Zealot x2, Protoss Air Weapons Level 1, High Templar  
  160  9:30  Zealot  
  174  9:38  Carrier (Chrono Boost)  
  178  9:46  Zealot x4  
  186  9:53  Pylon  
  186  10:06  Protoss Ground Weapons Level 3 (Chrono Boost)  
  178  10:08  Nexus  
  178  10:09  Stargate  
  178  10:11  Pylon, Stargate  
  178  10:12  Observer (Chrono Boost)  
  179  10:25  Carrier (Chrono Boost)  
  185  10:35  Zealot x3  
  177  10:36  Zealot  
  177  10:40  Zealot  
  177  10:41  Zealot x3, Carrier (Chrono Boost)  
  197  10:51  Photon Cannon  
  197  10:52  Photon Cannon  
  197  10:53  Shield Battery  
  197  11:02  High Templar  
  199  11:10  Photon Cannon  
  191  11:12  Photon Cannon  
  191  11:13  High Templar x2  
  191  11:14  High Templar x2, Shield Battery  
  191  11:17  Shield Battery  
  191  11:18  Archon x2  
  199  11:20  Assimilator  
  199  11:24  Assimilator  
  195  11:29  Carrier  
  185  11:40  Dark Shrine  
  185  11:47  Gateway x2  
  185  11:49  Zealot x2  
  185  11:50  Zealot x2  
  193  12:00  Zealot x2  
  193  12:01  Zealot x2  
  183  12:06  Probe  
  183  12:08  Probe  
  191  12:23  Zealot x2  
Show
View Real Time Build Order
Export as new Build Order

IIIIIIIIIIII Zerg 

Build Orders: Hatch First 

Get SALT Encoding   

  12  0:00  Drone  
  13  0:12  Overlord  
  13  0:17  Drone  
  14  0:30  Drone x2  
  16  0:50  Hatchery  
  16  0:52  Drone  
  16  0:55  Drone  
  17  0:59  Drone  
  18  1:09  Extractor  
  17  1:15  Spawning Pool  
  17  1:18  Drone  
  17  1:22  Drone  
  18  1:29  Drone  
  19  1:38  Drone  
  20  1:52  Drone  
  21  2:01  Queen  
  21  2:02  Queen, Zergling x4  
  27  2:10  Metabolic Boost  
  27  2:13  Overlord  
  27  2:14  Drone  
  28  2:32  Drone x2  
  28  2:35  Hatchery  
  29  2:47  Drone  
  29  2:49  Drone  
  29  2:50  Overlord  
  31  2:52  Drone  
  31  2:56  Queen  
  34  3:04  Drone x2  
  36  3:10  Drone x2  
  36  3:12  Drone  
  39  3:17  Overlord  
  39  3:20  Drone x3  
  39  3:25  Queen  
  44  3:34  Overlord  
  44  3:35  Queen  
  44  3:36  Drone  
  47  3:42  Drone x3  
  47  3:45  Overlord  
  47  3:46  Drone  
  52  3:48  Drone  
  52  3:50  Drone  
  52  3:53  Overlord  
  53  4:00  Spore Crawler  
  53  4:02  Spore Crawler  
  51  4:03  Queen  
  51  4:05  Drone x2  
  51  4:08  Drone  
  51  4:09  Drone  
  57  4:12  Drone x2  
  59  4:21  Drone x2  
  59  4:22  Drone  
  61  4:30  Drone x2  
  62  4:33  Roach Warren  
  62  4:34  Extractor, Drone x2  
  62  4:36  Extractor  
  61  4:40  Spore Crawler  
  61  4:43  Overlord, Drone x2, Lair  
  61  4:44  Drone x2  
  61  4:45  Drone x3  
  67  4:47  Extractor  
  67  4:49  Extractor  
  67  4:50  Zergling x4  
  67  4:54  Zergling x8  
  67  4:59  Overlord  
  71  5:04  Drone  
  72  5:08  Drone x2  
  72  5:13  Drone  
  75  5:15  Drone  
  75  5:17  Evolution Chamber  
  75  5:18  Drone x3  
  75  5:19  Drone x3  
  81  5:27  Drone  
  81  5:28  Drone x2  
  83  5:35  Hatchery, Drone  
  81  5:36  Drone x2  
  81  5:39  Extractor  
  81  5:40  Glial Reconstitution  
  81  5:42  Overseer  
  82  5:45  Zerg Missile Weapons Level 1  
  82  5:49  Roach  
  90  5:50  Roach x3  
  90  5:51  Overlord x2  
  88  6:14  Roach x3  
  88  6:15  Roach x6  
  106  6:18  Infestation Pit  
  106  6:21  Overlord  
  105  6:26  Overlord x2  
  105  6:33  Overlord  
  105  6:38  Overlord  
  106  6:40  Drone  
  106  6:41  Drone  
  106  6:43  Baneling Nest, Evolution Chamber  
  105  6:52  Drone x12  
  117  6:55  Queen  
  117  7:01  Hive  
  119  7:03  Ravager x2  
  119  7:04  Ravager x2, Overseer  
  119  7:05  Zergling x2  
  119  7:06  Zergling x8  
  128  7:09  Zerg Melee Weapons Level 1  
  128  7:10  Zergling x6  
  128  7:12  Spore Crawler  
  128  7:14  Spine Crawler  
  129  7:16  Ravager x3  
  129  7:18  Zergling x2  
  133  7:25  Zergling x16  
  133  7:27  Centrifical Hooks  
  141  7:31  Ravager x3  
  141  7:32  Overlord  
  141  7:33  Overlord  
  141  7:37  Hatchery  
  143  7:41  Zerg Missile Weapons Level 2  
  143  7:45  Overlord x2  
  143  7:46  Overlord  
  143  7:47  Overseer  
  143  7:52  Drone x2  
  143  7:53  Drone x5  
  143  7:55  Extractor, Drone  
  143  7:56  Extractor, Drone x2  
  151  8:03  Overlord x3  
  151  8:12  Viper x3  
  159  8:20  Adrenal Glands  
  159  8:24  Zergling x2  
  159  8:25  Zergling x22  
  171  8:28  Queen  
  171  8:29  Baneling x7  
  171  8:32  Baneling x2  
  173  8:35  Baneling x2  
  173  8:39  Baneling x4  
  173  8:40  Zergling x16  
  173  8:41  Zergling x2  
  182  8:45  Baneling x3  
  182  8:54  Spire  
  180  9:00  Drone  
  180  9:02  Hydralisk Den  
  179  9:03  Baneling  
  179  9:04  Baneling x5  
  177  9:17  Spine Crawler  
  177  9:19  Spine Crawler  
  177  9:22  Zerg Melee Weapons Level 2  
  169  9:29  Zergling x18, Spine Crawler x2  
  169  9:30  Zergling x12, Spine Crawler  
  180  9:35  Baneling  
  180  9:36  Baneling x7  
  177  9:41  Baneling x12  
  177  9:48  Zergling x2  
  177  9:49  Zergling x12  
  184  9:53  Ultralisk Cavern  
  184  9:59  Grooved Spines  
  179  10:10  Spire  
  179  10:11  Zergling x10  
  179  10:12  Zergling x12  
  187  10:36  Zergling x2  
  187  10:37  Zergling x22  
  197  10:43  Chitinous Plating  
  197  10:45  Zerg Flyer Weapons Level 1  
  197  10:50  Drone x3  
  200  10:59  Baneling x13  
  200  11:10  Muscular Augments  
  197  11:47  Ultralisk x2  
  197  11:49  Hatchery  
  163  12:02  Corruptor x6  
  163  12:03  Corruptor x5  
  172  12:10  Corruptor  
  158  12:17  Corruptor  
  156  12:27  Overlord x2  
Tags
 
Add a new tag
Caveats
  • Supply blocks, unpowered buildings, or Contaminate may cause inaccurate times.
  • Supply counts are checked every 10 seconds.